 Seeded DCSS version 0.28.0-45-g0d030f2227 (webtiles) character file.

Game seed: 9376642942419055868 (custom seed)

162 thiscave3701365 the Chopper (level 5, -1/47 HPs)
             Began as a Hill Orc Berserker on Apr 13, 2022.
             Was a Believer of Trog.
             Slain by a killer bee (2 damage)
             ... on level 4 of the Dungeon.
             The game lasted 00:03:08 (3311 turns).

thiscave3701365 the Chopper (Hill Orc Berserker)    Turns: 3311, Time: 00:03:08

Health: -1/47      AC: 14    Str: 28    XL:     5   Next: 43%
Magic:  5/5        EV:  8    Int:  7    God:    Trog [**....]
Gold:   124        SH:  0    Dex: 10    Spells: 4/4 levels left

rFire   . . .      SeeInvis .   n - +3 hand axe
rCold   . . .      Faith    .   (no shield)
rNeg    . . .      Spirit   .   m - +0 plate armour
rPois   .          Reflect  .   b - +0 helmet
rElec   .          Harm     .   f - +0 cloak
rCorr   .          Rampage  .   (no gloves)
Will    .....                   c - +0 pair of boots
Stlth   ..........              (no amulet)
HPRegen 0.15/turn               j - +6 ring of strength
MPRegen 0.09/turn               (no ring)

@: lethally poisoned (-1 -> -40), invisible
A: no striking features
a: Renounce Religion, Berserk, Trog's Hand


You were on level 4 of the Dungeon.
You worshipped Trog.
Trog was pleased with you.
You visited 1 branch of the dungeon, and saw 4 of its levels.

You collected 124 gold pieces.

Inventory:

Hand Weapons
 n - a +3 hand axe (weapon)
Armour
 b - a +0 helmet (worn)
 c - a +0 pair of boots (worn)
 f - a +0 cloak (worn)
 m - a +0 plate armour (worn)
Jewellery
 g - a ring of magical power
 j - a +6 ring of strength (left hand)
Scrolls
 e - a scroll of torment {unknown}
 h - 2 scrolls of identify {unknown}
 i - a scroll of teleportation {unknown}
Potions
 d - 3 potions of lignification {unknown}
 k - a potion of invisibility
 l - a potion of heal wounds


   Skills:
 + Level 4.6 Fighting
 + Level 5.9 Axes
 + Level 2.5 Armour
 + Level 2.5 Dodging
 + Level 0.7 Stealth


You had 4 spell levels left.
You didn't know any spells.
Your spell library was empty.

Dungeon Overview and Level Annotations

Branches:
Dungeon (4/15)
 Temple: D:4-7

Altars:


Message History

It was a potion of invisibility.
You fade into invisibility!
* * * LOW HITPOINT WARNING * * *
You feel very sick.
The killer bee stings you but does no damage. x2
The killer bee closely misses you. The killer bee stings you.
* * * LOW HITPOINT WARNING * * *
You are more poisoned.
The killer bee poisons you!
The killer bee stings you but does no damage.
The killer bee barely misses you. The killer bee stings you.
* * * LOW HITPOINT WARNING * * *
You are more poisoned.
The killer bee poisons you! The adder skeleton barely misses you.
The killer bee closely misses you.
The killer bee stings you but does no damage. x2
It was a potion of heal wounds.
You feel much better.
You feel extremely sick. The killer bee stings you.
The killer bee barely misses you.
The killer bee closely misses you. x2; The killer bee barely misses you.
The killer bee stings you.
* * * LOW HITPOINT WARNING * * *
You are more poisoned.
The killer bee poisons you! The adder skeleton closely misses you.
The killer bee stings you but does no damage. x2
The killer bee stings you.
* * * LOW HITPOINT WARNING * * *
You are more poisoned.
The killer bee poisons you! The killer bee barely misses you.
Okay, then.
You barely miss the killer bee. x2
You catch the helpless killer bee completely off-guard!
You hit the killer bee. You barely miss the adder skeleton.
You hit the killer bee but do no damage.
You barely miss the killer bee.
* * * LOW HITPOINT WARNING * * *
You feel extremely sick.
The killer bee stings you but does no damage.
The killer bee barely misses you. The killer bee stings you.
You die...

#.?.....#
#........
#.).....###
#.........#
#.........#
#.........#
#.........#
#.....yyy.##
##....y@y..#
#...##Z...#
#.. #....#
#. ####... #
...# ..# ..#
.#


You could see 5 killer bees and an adder skeleton.

Vanquished Creatures
  Robin (D:2)
  5 gnolls
  3 adders
  A white imp (D:3)
  2 worms
  A dart slug (D:3)
  4 orcs (D:3)
  7 bats
  3 endoplasms
  6 giant cockroaches
  8 goblins
  3 hobgoblins
  A jackal (D:2)
  A quokka (D:2)
  7 ball pythons
  4 kobolds
  4 rats
61 creatures vanquished.

Notes
Turn   | Place    | Note
-------+----------+-------------------------------------------
     0 | D:1      | thiscave3701365 the Hill Orc Berserker began the quest for
                  | the Orb.
     0 | D:1      | Reached XP level 1. HP: 19/19 MP: 1/1
   440 | D:1      | Reached XP level 2. HP: 23/27 MP: 2/2
   897 | D:2      | Reached XP level 3. HP: 27/33 MP: 3/3
  1075 | D:2      | Noticed Robin
  1087 | D:2      | Killed Robin
  1118 | D:2      | Reached skill level 5 in Axes
  1118 | D:2      | Reached XP level 4. HP: 32/40 MP: 4/4
  1203 | D:2      | Found a faded altar of an unknown god.
  1221 | D:2      | Reached ** piety under Trog
  2040 | D:3      | Reached XP level 5. HP: 23/47 MP: 5/5
  3311 | D:4      | HP: 1/47 [poisoned by a killer bee]
  3311 | D:4      | Slain by a killer bee

Illustrated notes

Levels and vault maps discovered:
D:1:      lightli_arrival_windingriver, layout_basic
D:2:      layout_basic, ebering_ecumenical_altar_webs, minmay_tetromino_t2,
          uniq_robin
D:3:      layout_loops_ring, minmay_diced_spiral
D:4:      minmay_diamond_boxcup, layout_basic, serial_shops,
          kennysheep_mini_moat, minmay_misc_feat_alley, minmay_hedge_maze

Skill      XL: |  1  2  3 |
---------------+----------+-----
Fighting       | 4 |  4.6
Dodging        | 2 |  2.5
Axes           | 5 |  5.9
Armour         | |  2.5
Stealth        | |  0.7

Action                   |  1- 3 |  4- 6 || total
-------------------------+-------+-------++-------
Melee: Hand axe          |    78 |   136 ||   214
       Punch             |     1 |       ||     1
Invok: Berserk           |     2 |     3 ||     5
  Use: Potion            |       |     2 ||     2
 Stab: Sleeping          |     2 |     1 ||     3
       Invisible         |       |     1 ||     1
Armor: Animal skin       |    25 |    43 ||    68
       Plate armour      |       |    27 ||    27
Dodge: Dodged            |    59 |   102 ||   161
